 Dungeon Crawl Stone Soup version 0.22-a0-368-g870eee8 (webtiles) character file.

16292 dstrtnsr the Martial Artist (level 12, 0/79 HPs)
             Began as a Halfling Skald on Apr 23, 2018.
             Was a High Priest of Cheibriados.
             Slain by an 11-headed hydra (13 damage)
             ... on level 3 of the Lair of Beasts.
             The game lasted 00:59:59 (7159 turns).

dstrtnsr the Martial Artist (Halfling Skald)        Turns: 7159, Time: 01:00:00

Health: 0/79       AC: 11    Str: 25    XL:     12   Next: 68%
Magic:  12/18      EV: 24    Int: 28    God:    Cheibriados [*****.]
Gold:   81         SH:  0    Dex: 28    Spells: 8/19 levels left

rFire    . . .     SeeInvis .     - Unarmed
rCold    + . .     Gourm    .   (shield currently unavailable)
rNeg     . . .     Faith    .   i - +2 ring mail {MR+}
rPois    .         Spirit   .   (no helmet)
rElec    .         Reflect  .   (no cloak)
rCorr    .         Harm     .   (gloves currently unavailable)
MR       +....                  w - +2 pair of boots
Stlth    ++........             a - amulet of the acrobat
HPRegen  0.23/turn              c - ring of protection from cold
MPRegen  0.16/turn              j - ring of wizardry

@: blade hands (expiring), very slightly contaminated, very slow
A: small, mutation resistance 1
a: End Transformation, Bend Time, Temporal Distortion, Slouch, Step From Time,
Renounce Religion


You were on level 3 of the Lair of Beasts.
You worshipped Cheibriados.
Cheibriados was extremely pleased with you.
You were very hungry.
You had blades for hands.
You visited 3 branches of the dungeon, and saw 16 of its levels.

You collected 552 gold pieces.
You spent 471 gold pieces at shops.

Inventory:

Missiles
 x - a throwing net (quivered) {!f}
Armour
 i - a +2 ring mail of magic resistance (worn)
 s - a +0 pair of gloves (melded)
 w - a +2 pair of boots (worn)
 E - the +1 robe of Wegies {rC+ rCorr Dex+3}
   (You found it on level 12 of the Dungeon)

   It affects your dexterity (+3).
   It protects you from cold.
   It protects you from acid and corrosion.
 F - a +0 troll leather armour
 N - a +0 scale mail of cold resistance
Jewellery
 a - an amulet of the acrobat (around neck)
 c - a ring of protection from cold (left scythe-like blade)
 j - a ring of wizardry (right scythe-like blade)
Wands
 C - a wand of acid (10)
 I - a wand of iceblast (4)
 M - a wand of polymorph (5)
 P - a wand of paralysis (19)
Scrolls
 b - 2 scrolls of summoning {unknown}
 e - a scroll of noise {unknown}
 k - 2 scrolls of random uselessness {unknown}
 l - a scroll of vulnerability {unknown}
 p - 6 scrolls of teleportation {!d}
 q - 2 scrolls of amnesia {unknown}
 y - 3 scrolls of fog
 z - 3 scrolls of fear
 A - a scroll of brand weapon {unknown}
 B - 2 scrolls of enchant weapon {unknown}
 D - 2 scrolls of remove curse {@r2}
 H - a scroll of silence {unknown}
 K - 2 scrolls of magic mapping
Potions
 d - 2 potions of might
 f - 5 potions of mutation {!q}
 g - 3 potions of cancellation {!q}
 h - 3 potions of heal wounds
 m - a potion of flight
 n - a potion of invisibility {unknown}
 r - a potion of magic {unknown}
 t - 2 potions of ambrosia
 u - 3 potions of curing {@q1}
 v - a potion of agility {unknown}
 G - a potion of brilliance {unknown}
Miscellaneous
 J - a lightning rod (4/4) {!a}
Comestibles
 o - 11 rations {!d}


   Skills:
 - Level 6.2 Fighting
 - Level 4.0 Armour
 + Level 9.2 Dodging
 - Level 10.0 Unarmed Combat
 * Level 4.1 Spellcasting
 - Level 4.0 Charms
 - Level 2.0 Necromancy
 - Level 6.0 Transmutations
 - Level 5.1 Evocations


You had 8 spell levels left.
You knew the following spells:

 Your Spells              Type           Power        Failure   Level  Hunger
a - Infusion              Chrm           ####         9%          1    None
b - Shroud of Golubria    Chrm/Tloc      ###.......   16%         2    None
r - Regeneration          Chrm/Necr      ###.......   21%         3    ##.....
Q - Blade Hands           Tmut           #####.....   36%         5    #####..


Dungeon Overview and Level Annotations

Branches:
Dungeon (12/15)            Temple (1/1) D:6            Lair (3/6) D:10
  Snake (0/4) Lair:2          Orc (0/2) D:12
  Swamp: Lair:2-4    Shoals: Lair:2-4

Altars:
Ashenzari
Cheibriados
Dithmenos
Elyvilon
Fedhas
Hepliaklqana
Kikubaaqudgha
Nemelex Xobeh
Okawaru
Qazlal
Sif Muna
Trog
Yredelemnul
Zin
Jiyva

Shops:
D:6 **}}=   D:11 [   D:12 !

Annotations:
D:9 exclusion: downstairs


Innate Abilities, Weirdness & Mutations

You are small and have problems with some larger weapons.
You are somewhat resistant to further mutation.


Message History

You slash the eight-headed hydra!
The eight-headed hydra is lightly wounded.
Unknown command.
You chop one of the eight-headed hydra's heads off!
The seven-headed hydra grows two more!
You slash the nine-headed hydra!
The nine-headed hydra is moderately wounded.
The nine-headed hydra misses you.
Your shroud bends the nine-headed hydra's attack away.
Your shroud bends the nine-headed hydra's attack away!
The nine-headed hydra closely misses you.
The nine-headed hydra completely misses you.
The nine-headed hydra bites you but does no damage.
The nine-headed hydra completely misses you.
The nine-headed hydra barely misses you. x2
Unknown command.
You hack one of the nine-headed hydra's heads off!
The eight-headed hydra grows two more!
You slash the ten-headed hydra! Your slash misses the ten-headed hydra.
The ten-headed hydra is lightly wounded.
Your transformation is almost over.
The ten-headed hydra bites you!
Your shroud falls apart!
The ten-headed hydra closely misses you.
The ten-headed hydra barely misses you.
The ten-headed hydra completely misses you.
The ten-headed hydra closely misses you.
The ten-headed hydra completely misses you.
The ten-headed hydra misses you.
The ten-headed hydra closely misses you. x2
The ten-headed hydra bites you.
Damage: -15%(-12hp) hp: 78%(61hp)
You chop one of the ten-headed hydra's heads off!
The nine-headed hydra grows two more!
You hit the 11-headed hydra.
The 11-headed hydra is lightly wounded.
The 11-headed hydra bites you but does no damage.
The 11-headed hydra bites you!
The 11-headed hydra completely misses you.
The 11-headed hydra barely misses you. The 11-headed hydra bites you.
The 11-headed hydra barely misses you. The 11-headed hydra closely misses you.
The 11-headed hydra barely misses you.
The 11-headed hydra completely misses you.
The 11-headed hydra bites you. The 11-headed hydra barely misses you.
Huge Dmg: -19%(-15hp) hp: 59%(46hp) Unknown command.
Evoke which item? (* to show all) (? for menu, Esc to quit)
Aiming: Corrosive Bolt
Press: ? - help, Shift-Dir - straight line The bolt of acid hits the 11-headed hydra.
The 11-headed hydra is splashed with acid.
The acid corrodes the 11-headed hydra!
The 11-headed hydra is moderately wounded.
The 11-headed hydra completely misses you. x2
The 11-headed hydra misses you. x2
The 11-headed hydra completely misses you.
The 11-headed hydra bites you. The 11-headed hydra misses you.
The 11-headed hydra bites you.
* * * LOW HITPOINT WARNING * * *
The 11-headed hydra barely misses you. The 11-headed hydra bites you!
* * * LOW HITPOINT WARNING * * *
The 11-headed hydra completely misses you.
Huge Dmg: -32%(-25hp) hp: 27%(21hp)
Okay, then.
Unknown command.
Okay, then.
Unknown command.
Evoke which item? (* to show all) (? for menu, Esc to quit)
Aiming: Corrosive Bolt
Press: ? - help, Shift-Dir - straight line The bolt of acid hits the 11-headed hydra.
The 11-headed hydra is splashed with acid.
The acid corrodes the 11-headed hydra!
The 11-headed hydra is severely wounded.
The 11-headed hydra closely misses you.
The 11-headed hydra completely misses you.
The 11-headed hydra misses you.
The 11-headed hydra bites you but does no damage.
The 11-headed hydra barely misses you. The 11-headed hydra misses you. x2
The 11-headed hydra bites you but does no damage.
The 11-headed hydra completely misses you.
The 11-headed hydra bites you!
* * * LOW HITPOINT WARNING * * *
The 11-headed hydra completely misses you.
Huge Dmg: -10%(-8hp) hp: 17%(13hp) Evoke which item? (* to show all) (? for menu, Esc to quit)
Aiming: Corrosive Bolt
Press: ? - help, Shift-Dir - straight line, f - river rat
Aim: a river rat The bolt of acid hits the 11-headed hydra.
The 11-headed hydra is splashed with acid.
The acid corrodes the 11-headed hydra!
The 11-headed hydra is almost dead.
The bolt of acid hits the river rat.
The river rat is splashed with acid.
The acid corrodes the river rat!
You kill the river rat!
Cheibriados appreciates the change of pace.
You feel sick.
You are no longer poisoned.
The 11-headed hydra barely misses you. The 11-headed hydra misses you.
The 11-headed hydra bites you!
You die...

#.# #.. #.. #.
#.. #.% #:. . r.
#.† .. #.####D##
...###.#.###@##.#
............†...#
.#...##.....###.#
.P..........# #
.......<...##
.#...####### ....
#..


You could see a 11-headed hydra.

Vanquished Creatures
  A hydra (D:11)
  A centaur warrior (D:10)
  A two-headed ogre (D:9)
  An ugly thing (D:11)
  A cyclops (D:11)
  Joseph (D:8)
  Maurice (D:11)
  A centaur skeleton (D:11)
  3 spiny frogs
  A torpor snail (Lair:2)
  4 komodo dragons
  A troll (D:12)
  Grinder (D:3)
  Sigmund (D:4)
  3 hippogriffs
  A wyvern (D:9)
  A shadow (D:12)
  A basilisk (Lair:1)
  18 yaks
  A wraith (D:12)
  A steam dragon (D:8)
  2 hungry ghosts
  Menkaure (D:4)
  A naga (Lair:2)
  3 wargs (D:10)
  A soldier ant (D:12)
  2 porcupines
  6 water moccasins
  A black bear (D:7)
  2 ice beasts
  A phantom (D:9)
  2 sky beasts
  A necrophage (D:9)
  A centaur (D:8)
  4 ogres
  7 crocodiles
  A big kobold (D:12)
  7 bullfrogs
  2 wyvern skeletons (D:11)
  4 scorpions
  6 killer bees
  4 howler monkeys
  4 wights (D:12)
  5 crimson imps
  2 jellies
  A quasit (D:11)
  3 hounds
  9 orc priests
  A bullfrog skeleton (D:11)
  Ijyb (D:4)
  Terence (D:3)
  4 iguanas
  5 orc wizards
  Natasha (thrice) (D:3)
  5 worker ants
  A hound zombie (D:8)
  Robin (D:3)
  9 gnolls
  4 adders
  A howler monkey skeleton (D:11)
  2 river rats (Lair:3)
  A shadow imp (D:8)
  An adder skeleton (D:4)
  A dart slug (D:4)
  3 leopard geckos
  23 orcs
  5 bats
  2 giant cockroaches
  2 gnoll zombies (D:6)
  13 goblins
  9 hobgoblins
  7 jackals
  3 quokkas
  5 frilled lizards
  7 kobolds
  2 leopard gecko skeletons
  A leopard gecko zombie (D:6)
  A quokka skeleton (D:8)
  6 rats
258 creatures vanquished.

Vanquished Creatures (others)
  2 fungi (Lair:3)
  A plant (Lair:3)
3 creatures vanquished.

Grand Total: 261 creatures vanquished

Notes
Turn   | Place    | Note
-------+----------+-------------------------------------------
     0 | D:1      | dstrtnsr the Halfling Skald began the quest for the Orb.
     0 | D:1      | Reached XP level 1. HP: 14/14 MP: 3/3
    91 | D:1      | Reached skill level 2 in Unarmed Combat
    92 | D:1      | Reached XP level 2. HP: 19/19 MP: 0/4
    98 | D:1      | Learned a level 2 spell: Shroud of Golubria
   325 | D:1      | Reached XP level 3. HP: 17/24 MP: 2/5
   424 | D:1      | HP: 8/24 [hobgoblin/club (3)]
   561 | D:2      | Reached skill level 3 in Unarmed Combat
   588 | D:2      | HP: 7/24 [leopard gecko (4)]
   739 | D:2      | Found a faded altar of an unknown god.
   973 | D:2      | Found a blossoming altar of Fedhas.
  1005 | D:2      | Reached XP level 4. HP: 25/29 MP: 3/6
  1032 | D:3      | Learned a level 3 spell: Regeneration
  1039 | D:3      | Noticed Robin
  1120 | D:3      | Found a hazy altar of Hepliaklqana.
  1153 | D:3      | Noticed Terence
  1169 | D:3      | Killed Terence
  1191 | D:3      | Noticed Natasha
  1204 | D:3      | Killed Natasha
  1204 | D:3      | Reached skill level 4 in Unarmed Combat
  1204 | D:3      | Reached XP level 5. HP: 27/34 MP: 1/7
  1297 | D:3      | Noticed Natasha
  1312 | D:3      | Killed Natasha
  1344 | D:3      | Noticed Grinder
  1365 | D:3      | Killed Grinder
  1365 | D:3      | Reached skill level 5 in Unarmed Combat
  1365 | D:3      | Reached XP level 6. HP: 29/39 MP: 2/8
  1412 | D:3      | Found a shattered altar of Ashenzari.
  1512 | D:3      | Killed Robin
  1584 | D:3      | Noticed Natasha
  1596 | D:3      | Killed Natasha
  1596 | D:3      | Reached XP level 7. HP: 38/44 MP: 2/9
  1693 | D:4      | HP: 16/44 [orc priest/nerve-wracking pain (5)]
  1701 | D:4      | HP: 17/44 [something (3)]
  1711 | D:4      | HP: 17/44 [orc wizard/dagger (1)]
  1714 | D:4      | Reached skill level 6 in Unarmed Combat
  1771 | D:4      | Found a sparkling altar of Nemelex Xobeh.
  1774 | D:4      | Found a glowing silver altar of Zin.
  1852 | D:4      | HP: 16/44 [orc priest/nerve-wracking pain (13)]
  1866 | D:4      | HP: 11/44 [orc/mace (7)]
  1920 | D:4      | Noticed Menkaure
  1931 | D:4      | Killed Menkaure
  1931 | D:4      | Reached skill level 1 in Necromancy
  2019 | D:5      | Entered Level 5 of the Dungeon
  2046 | D:4      | Noticed Sigmund
  2106 | D:4      | Noticed Ijyb
  2133 | D:4      | Killed Ijyb
  2133 | D:4      | Reached XP level 8. HP: 47/51 MP: 2/10
  2412 | D:4      | Found an iron altar of Okawaru.
  2478 | D:4      | Killed Sigmund
  2631 | D:6      | HP: 18/51 [ogre/giant spiked club (33)]
  2633 | D:6      | Reached skill level 7 in Unarmed Combat
  2646 | D:6      | Found Cyfeinee's Gadget Boutique.
  2656 | D:6      | Found Tolac's Gadget Shop.
  2670 | D:6      | Found Bethao's General Store.
  2702 | D:6      | Bought a potion of curing for 39 gold pieces
  2702 | D:6      | Bought a scroll of teleportation for 39 gold pieces
  2752 | D:6      | Found Cahuk's Jewellery Emporium.
  2774 | D:6      | Found a staircase to the Ecumenical Temple.
  2794 | Temple   | Entered the Ecumenical Temple
  2827 | Temple   | Became a worshipper of Cheibriados the Contemplative
  3088 | D:6      | Found Fuariago's Assorted Antiques.
  3096 | D:6      | Bought a scroll labeled RUWEASM TEMIE for 30 gold pieces
  3096 | D:6      | Bought an orange potion for 27 gold pieces
  3137 | D:6      | HP: 20/52 [poisoned by a scorpion]
  3142 | D:6      | HP: 20/52 [poisoned by a scorpion]
  3148 | D:6      | HP: 19/52 [poisoned by a scorpion]
  3162 | D:6      | Reached XP level 9. HP: 32/57 MP: 8/11
  3162 | D:6      | Reached * piety under Cheibriados
  3242 | D:6      | Found a basalt altar of Yredelemnul.
  3554 | D:7      | Learned a level 5 spell: Blade Hands
  3656 | D:8      | HP: 12/58 [steam dragon/ball of steam (20)]
  3793 | D:8      | Noticed Joseph
  3823 | D:8      | Killed Joseph
  3823 | D:8      | Reached skill level 8 in Unarmed Combat
  3823 | D:8      | Reached skill level 5 in Evocations
  3909 | D:8      | Reached ** piety under Cheibriados
  3976 | D:8      | Reached XP level 10. HP: 64/65 MP: 7/13
  4018 | D:8      | Found a deep blue altar of Sif Muna.
  4095 | D:9      | Noticed a dagger
  4096 | D:9      | Noticed a dagger
  4105 | D:9      | Noticed a two-headed ogre
  4108 | D:9      | Killed a two-headed ogre
  4108 | D:9      | Reached skill level 5 in Fighting
  4453 | D:10     | Entered Level 10 of the Dungeon
  4489 | D:9      | Reached skill level 9 in Unarmed Combat
  4715 | D:10     | Noticed a centaur warrior
  4716 | D:10     | Killed a centaur warrior
  4716 | D:10     | Reached skill level 5 in Dodging
  4716 | D:10     | Reached skill level 1 in Transmutations
  4761 | D:10     | Reached *** piety under Cheibriados
  4773 | D:10     | Reached XP level 11. HP: 51/72 MP: 8/14
  4826 | D:10     | Found a staircase to the Lair.
  4844 | D:10     | HP: 27/72 [warg (10)]
  5278 | D:11     | Noticed Maurice
  5279 | D:11     | Noticed a six-headed hydra
  5285 | D:11     | Killed a six-headed hydra
  5299 | D:11     | Killed Maurice
  5311 | D:11     | Reached **** piety under Cheibriados
  5327 | D:11     | Noticed a cyan ugly thing
  5439 | D:11     | Noticed a two-headed ogre
  5517 | D:12     | Found Biomu's Distillery.
  5526 | D:12     | Bought 2 potions of cancellation for 224 gold pieces
  5526 | D:12     | Bought a potion of curing for 42 gold pieces
  5526 | D:12     | Bought a potion of curing for 42 gold pieces
  5526 | D:12     | Bought 2 potions of degeneration for 28 gold pieces
  5602 | D:12     | Got a creamy pearl robe
  5613 | D:12     | Identified the +1 robe of Wegies {rC+ rCorr Dex+3} (You found it on level 12 of the Dungeon)
  5766 | D:12     | HP: 19/72 [troll (12)]
  5845 | D:11     | Noticed a cyclops
  5929 | D:12     | HP: 28/72 [yak (6)]
  5972 | D:12     | Found a staircase to the Orcish Mines.
  6058 | D:11     | Reached ***** piety under Cheibriados
  6122 | D:11     | Killed a cyclops
  6197 | D:11     | Killed a cyan ugly thing
  6197 | D:11     | Reached XP level 12. HP: 79/79 MP: 15/15
  6218 | D:11     | Found Muqivuss's Antique Armour Shop.
  6333 | Lair:1   | Entered Level 1 of the Lair of Beasts
  6530 | Lair:1   | Reached skill level 5 in Transmutations
  6567 | Lair:1   | Reached skill level 10 in Unarmed Combat
  7079 | Lair:2   | Found a staircase to the Snake Pit.
  7148 | Lair:3   | Noticed a seven-headed hydra
  7157 | Lair:3   | HP: 21/79 [11-headed hydra (14)]
  7159 | Lair:3   | Slain by an 11-headed hydra

Vault maps used:
D:1:      ncdulo_halloftheorcs, hex_large, hangedman_decor_growths,
          st_stairs_12, nrook_mini_backslash
D:2:      nicolae_overflow_crystal_walls, chequers_ecumenical_altar_simple_redux
D:3:      nicolae_overflow_hidden_temple, ashenzari_conservatory_becter,
          first_ration, grunt_ministairs_14, uniq_grinder, uniq_robin,
          uniq_terence, uniq_natasha
D:4:      kennysheep_okawaru_gauntlet, amethyst_overflow_temple_binary,
          uniq_sigmund, uniq_ijyb, uniq_menkaure
D:5:      kennysheep_windowed_halls
D:6:      lemuel_zombie_altar_yredelemnul,
          minmay_temple_entry_statues_fountains, serial_shops, shop, shop, shop,
          shop, shop, minmay_checkerbox
D:8:      grunt_temple_overflow_lords_of_destruction, led_sif_pool, uniq_psyche,
          uniq_joseph
D:9:      dancing_weapons_uskayaw, uniq_erica
D:10:     erik_lair_orcish_takeover
D:11:     serial_shops, shop, blue_anna_alchemist, minmay_misc_feat_pillars,
          minmay_tree_intersection, minmay_misc_feat_tiny, uniq_sonja,
          uniq_maurice
D:12:     orc_0_dummy, serial_shops, shop, nicolae_zen_rock_garden
Temple:   pf_slime_end_temple
Lair:1:   serial_bayou_shore_b
Lair:2:   guppyfry_snake_entry_island
Lair:3:   swamp_mist, kennysheep_abandoned_house

Skill      XL: |  1  2  3  4  5  6  7  8  9 10 11 12 |
---------------+-------------------------------------+-----
Unarmed Combat | 2 3 4 5 6 7 8 9 10 | 10.0
Fighting       | 2 3 4 5 6 |  6.2
Necromancy     | 1 2 |  2.0
Evocations     | 3 5 |  5.1
Spellcasting   | 2 4 |  4.1
Charms         | 4 |  4.0
Armour         | 2 4 |  4.0
Dodging        | 3 5 8 9 |  9.2
Transmutations | 2 4 6 |  6.0

Action                   |  1- 3 |  4- 6 |  7- 9 | 10-12 || total
-------------------------+-------+-------+-------+-------++-------
Melee: Unarmed           |   120 |    85 |   437 |   622 ||  1264
       Punch             |     1 |     2 |    15 |    60 ||    78
Throw: Throwing net      |       |       |       |     1 ||     1
 Cast: Infusion          |    17 |    10 |    24 |     9 ||    60
       Shroud of Golubri |     2 |     3 |    12 |    32 ||    49
       Regeneration      |       |       |    18 |    32 ||    50
       Blade Hands       |       |       |       |     8 ||     8
Evoke: Wand              |       |       |     5 |    19 ||    24
  Use: Potion            |     1 |     2 |     7 |     1 ||    11
       Scroll            |       |     2 |     7 |     7 ||    16
 Stab: Sleeping          |     1 |       |       |     1 ||     2
       Paralysed         |       |       |       |     5 ||     5
  Eat: Chunk             |       |     4 |    12 |    16 ||    32
       Ration            |       |       |       |     2 ||     2
Armor: Leather armour    |    18 |     9 |     4 |       ||    31
       Animal skin       |       |     1 |    44 |       ||    45
       Skin              |       |       |     1 |       ||     1
       Ring mail         |       |       |    56 |   118 ||   174
Dodge: Dodged            |    84 |    34 |   259 |   557 ||   934

Table legend:
 A = Spawn XP
 B = Non-spawn XP
 C = Spawn XP percentage of total XP
 D = Spawn monster count
 E = Non-spawn monster count
 F = Spawn count percentage of total count
 G = Total turns spent on level
                    A         B        C        D         E        F      G
               +---------+---------+-------+---------+---------+-------+---------
         Total |       0 |   23275 |   0.0 |       0 |     258 |   0.0 |  7159
               +---------+---------+-------+---------+---------+-------+---------
           D:1 |       0 |      37 |   0.0 |       0 |      21 |   0.0 |   552
           D:2 |       0 |      33 |   0.0 |       0 |      12 |   0.0 |   479
           D:3 |       0 |     471 |   0.0 |       0 |      22 |   0.0 |   634
           D:4 |       0 |     773 |   0.0 |       0 |      24 |   0.0 |   893
           D:6 |       0 |     736 |   0.0 |       0 |      27 |   0.0 |   545
           D:7 |       0 |     598 |   0.0 |       0 |      13 |   0.0 |   371
           D:8 |       0 |    1448 |   0.0 |       0 |      16 |   0.0 |   447
           D:9 |       0 |    1973 |   0.0 |       0 |      16 |   0.0 |   679
          D:10 |       0 |    3426 |   0.0 |       0 |      25 |   0.0 |   612
          D:11 |       0 |    4210 |   0.0 |       0 |      20 |   0.0 |   458
          D:12 |       0 |    2058 |   0.0 |       0 |      18 |   0.0 |   515
        Lair:1 |       0 |    3021 |   0.0 |       0 |      19 |   0.0 |   422
        Lair:2 |       0 |    4080 |   0.0 |       0 |      19 |   0.0 |   376
        Lair:3 |       0 |     411 |   0.0 |       0 |       6 |   0.0 |    28
               +---------+---------+-------+---------+---------+-------+---------
